 Dungeon Crawl Stone Soup version 0.30.1-4-g462c640d31 (webtiles) character file.

Game seed: 10193948068635799834

120 boopmooplesden the Covered (level 4, 0/40 HPs)
             Began as an Armataur Fighter on Sept 13, 2023.
             Slain by a gnoll
             ... wielding a +0 halberd
              (6 damage)
             ... on level 4 of the Dungeon.
             The game lasted 00:02:49 (1933 turns).

boopmooplesden the Covered (Armataur Fighter)       Turns: 1933, Time: 00:02:51

Health: 0/40       AC:  7    Str: 23    XL:     4   Next: 75%
Magic:  4/4        EV:  7    Int:  9    God:
Gold:   147        SH:  5    Dex:  9    Spells: 3/3 levels left

rFire   . . .        a - +0 war axe
rCold   . . .        c - +1 buckler
rNeg    . . .        b - +0 scale mail
rPois   .            (no helmet)
rElec   .            m - scarf {harm}
rCorr   .            (no gloves)
SInv    .            (no barding)
Will    .....        (no amulet) Stlth
                     (no ring)
HPRegen 0.26/turn    (no ring)
MPRegen 0.09/turn

%: harm (+30% outgoing, +20% incoming), roll
@: no status effects
A: large, rugged brown scales 3, deformed body, armoured tail, roll, long
tongue, awkward tongue
a: no special abilities


You were on level 4 of the Dungeon.
You visited 1 branch of the dungeon, and saw 4 of its levels.

You collected 147 gold pieces.

Inventory:

Hand Weapons
 a - a +0 war axe (weapon)
Armour
 b - a +0 scale mail (worn)
 c - a +1 buckler (worn)
 m - a scarf of harm (worn)
 p - a +0 cloak
Jewellery
 o - a +6 ring of intelligence
Scrolls
 j - a scroll of teleportation
 k - a scroll of acquirement {unknown}
 n - a scroll of identify
Potions
 d - a potion of might
 e - a potion of mutation {unknown}
 f - 2 potions of berserk rage {unknown}
 g - 4 potions of curing {unknown}
 h - a potion of ambrosia {unknown}
 i - 2 potions of flight
 r - a potion of haste {unknown}


   Skills:
 + Level 3.2 Fighting
 + Level 3.1 Axes
 + Level 4.1 Armour
 + Level 0.2 Dodging
 + Level 3.8 Shields


You had 3 spell levels left.
You didn't know any spells.
Your spell library was empty.

Dungeon Overview and Level Annotations

Branches:
Dungeon (4/15)
 Temple: D:4-7

Altars:
Gozag
Qazlal

Shops:
D:1 !


Innate Abilities, Weirdness & Mutations

You are completely covered in rugged brown scales. (AC +3, +7% HP)
Armour fits poorly on your strangely shaped body.
You have a long armoured tail.
You roll when moving toward enemies. (Rampage)
Your long tongue fully drains potion bottles. (2x potion effects)
Your tongue gives you trouble enunciating. (1.5x scroll delay)


Message History

It was a scroll of blinking.
As you slowly read the scroll labelled KIDOHO ROACIE, it crumbles to dust.
The scroll dissolves into smoke.
It was a scroll of fog.
(D) Dungeon
Where to? (Enter - D:3, ? - help)
What level of the Dungeon? (default 1, ? - help)
You see here a +0 club.
There is a stone staircase leading down here.
You climb downwards.
Found a scroll labelled TAEHOT QIGRA and a purple potion.
There is a stone staircase leading up here.
Found 3 stones.
k - a scroll labelled TAEHOT QIGRA
g - 4 purple potions (gained 1)
A gnoll comes into view. It is wielding a +0 halberd.
Found 4 stones.
The gnoll moves out of view.
A gnoll comes into view. It is wielding a +0 whip.
The gnoll shouts!
A gnoll is nearby!
A gnoll is nearby!
A gnoll is nearby!
Found a scroll of butterflies.
There are monsters nearby!
There are monsters nearby!
There are monsters nearby!
You barely miss the gnoll.
A gnoll comes into view. It is wielding a +0 flail.
The gnoll hits you with a +0 whip.
You barely miss the gnoll.
The gnoll shouts!
The gnoll hits you from afar with a +0 halberd!
The gnoll hits you with a +0 whip!
You barely miss the gnoll.
The gnoll hits you from afar with a +0 halberd!
* * * LOW HITPOINT WARNING * * *
The gnoll hits you with a +0 whip.
* * * LOW HITPOINT WARNING * * *
The gnoll hits you but does no damage.
The gnoll hits you from afar with a +0 halberd.
You die...

...#.# ... #. #..#.#
#.. ... #..#.#
#..####..#..#.#
..(#.#..#..#.# # #
....#....<..##(### #..
#g#.##.#..........
###..#g#.#..........###
?......@....#..........
.#####.....##..########
#.#.#.....# #.#.#.###.#
#.#.......# ..#########
##


You could see 2 gnolls.

Vanquished Creatures
  Crazy Yiuf (D:2)
  3 adders
  A dart slug (D:1)
  7 ball pythons
  5 endoplasms
  A giant cockroach (D:3)
  6 goblins
  5 hobgoblins
  3 jackals (D:2)
  8 kobolds
  4 quokkas
  6 bats
  2 frilled lizards
  5 rats
57 creatures vanquished.

Notes
Turn   | Place    | Note
-------+----------+-------------------------------------------
     0 | D:1      | boopmooplesden the Armataur Fighter began the quest for the
                  | Orb.
     0 | D:1      | Reached XP level 1. HP: 19/19 MP: 1/1
    60 | D:1      | Reached XP level 2. HP: 27/27 MP: 2/2
   680 | D:1      | Found Iha Xutoka's Distillery.
   834 | D:2      | Found an opulent altar of Gozag.
   838 | D:2      | Reached XP level 3. HP: 33/33 MP: 3/3
  1309 | D:2      | Reached XP level 4. HP: 39/40 MP: 4/4
  1322 | D:2      | Found a runed translucent door.
  1323 | D:2      | Noticed Crazy Yiuf
  1330 | D:2      | Killed Crazy Yiuf
  1524 | D:3      | Found a stormy altar of Qazlal.
  1618 | D:3      | Reached skill level 4 in Armour
  1933 | D:4      | Slain by a gnoll

Illustrated notes

Levels and vault maps discovered:
D:1:      minmay_arrival_radiant_lines, layout_basic, serial_shops,
          nicolae_shop_back_alley_shop
D:2:      layout_basic, serial_glass, glass_columns_b, glass_columns_a,
          item_on_display_a, item_on_display_a, due_unseen_surprise,
          feat_on_display, basic_altar, uniq_crazy_yiuf_cottage
D:3:      layout_rooms, nicolae_qazlal_scattered_showers
D:4:      layout_basic, lightli_temple_of_fire, mainiacjoe_overflow_paths,
          minmay_temple_entry_enclosed_plants, chequers_serial_rivers_large_b,
          grunt_ministairs_8, uniq_menkaure

Skill      XL: |  1  2  3  4 |
---------------+-------------+-----
Fighting       | 3 |  3.2
Axes           | 2 3 |  3.1
Armour         | 4 |  4.1
Dodging        | |  0.2
Shields        | |  3.8

Action                     |  1- 3 |  4- 6 || total
---------------------------+-------+-------++-------
  Melee: War axe           |   121 |    56 ||   177
         Tailslap          |    14 |     2 ||    16
    Use: Scroll            |     4 |     3 ||     7
 Armour: Scale mail        |    81 |    39 ||   120
  Dodge: Dodged            |    51 |    26 ||    77
  Block: Buckler           |    33 |    22 ||    55
